 Dungeon Crawl Stone Soup version 0.22-a0-799-g88f5e90 (webtiles) character file.

441 iamserjio the Gusty (level 7, -1/36 HPs)
             Began as a Tengu Air Elementalist on July 21, 2018.
             Shot with an arrow by a centaur (9 damage)
             ... on level 5 of the Dungeon.
             The game lasted 00:13:10 (1619 turns).

iamserjio the Gusty (Tengu Air Elementalist)        Turns: 1619, Time: 00:13:10

Health: -1/36      AC:  2    Str:  9    XL:     7   Next: 2%
Magic:  14/14      EV: 12    Int: 17    God:
Gold:   136        SH:  0    Dex: 14    Spells: 6/14 levels left

rFire    . . .     SeeInvis .   s - +0 flail (drain)
rCold    . . .     Gourm    .   (no shield)
rNeg     . . .     Faith    .   a - +0 robe
rPois    .         Spirit   .   (helmet restricted)
rElec    .         Reflect  .   (no cloak)
rCorr    .         Harm     .   (no gloves)
MR       .....                  (boots unavailable)
Stlth    ++........             (no amulet)
HPRegen  0.12/turn              (no ring)
MPRegen  0.14/turn              (no ring)

@: no status effects
A: beak, talons 3, able to fly 1
a: Fly


You were on level 5 of the Dungeon.
You were not hungry.

You visited 1 branch of the dungeon, and saw 5 of its levels.

You collected 256 gold pieces.
You spent 120 gold pieces at shops.

Inventory:

Hand Weapons
 i - a cursed -2 club
 n - a +0 rapier
 r - a +0 short sword
 s - a +0 flail of draining (weapon)
 x - a +3 spear of venom
Missiles
 d - 23 stones (quivered)
 j - 5 javelins
 o - 14 arrows
 v - 17 sling bullets
Armour
 a - a +0 robe (worn)
Jewellery
 B - a cursed amulet of harm {unknown}
Scrolls
 l - 2 scrolls of blinking
 m - 3 scrolls of teleportation
 p - 2 scrolls of remove curse {@r2}
 w - a scroll of enchant armour
 y - a scroll of identify {@r1}
 A - a scroll of fear {unknown}
 C - a scroll of amnesia {unknown}
Potions
 b - 2 potions of brilliance
 e - 2 potions of berserk rage
 f - a potion of lignification {unknown}
 g - 3 potions of flight
 h - 3 potions of haste {unknown}
 k - 2 potions of heal wounds {unknown}
 t - 3 potions of curing {unknown}
 u - a potion of degeneration {unknown}
 z - a potion of agility {unknown}
Comestibles
 c - 4 rations
 q - 2 chunks of flesh


   Skills:
 - Level 2.1 Dodging
 - Level 2.0 Stealth
 - Level 4.2 Spellcasting
 + Level 5.7 Conjurations
 + Level 6.1 Air Magic


You had 6 spell levels left.
You knew the following spells:

 Your Spells              Type           Power        Failure   Level  Hunger
a - Shock                 Conj/Air       ###.         1%          1    None
b - Static Discharge      Conj/Air       ###.....     4%          3    ###....
c - Airstrike             Air            ###.......   12%         4    ####...

Your spell library contained the following spells:

 Spells                   Type           Power        Failure   Level  Hunger
 Magic Dart               Conj           ###.         1%          1    None
 Lightning Bolt           Conj/Air       ###.......   36%         5    ######.
 Iskenderun's Mystic Bla  Conj           ###.....     14%         4    ####...
 Swiftness                Chrm/Air       ##......     7%          2    ##.....
 Fulminant Prism          Conj/Hex       ##........   43%         4    ####...
 Dazzling Spray           Conj/Hex       ##....       14%         3    ###....
 Force Lance              Conj/Tloc      ##......     43%         4    ####...
 Searing Ray              Conj           ###...       2%          2    ##.....


Dungeon Overview and Level Annotations

Branches:
Dungeon (5/15)
 Temple: D:4-7

Altars:
Dithmenos
Hepliaklqana
Nemelex Xobeh
Trog

Shops:
D:4 *


Innate Abilities, Weirdness & Mutations

You have a beak for a mouth.
You have claws for feet.
You can fly.


Message History

Things that are here:
a mace; an orc corpse You butcher the orc corpse.
q - 3 chunks of flesh You see here a mace.
Eat one of 3 chunks of flesh? (ye/n/q)
You eat one of the 3 chunks of flesh.
This raw flesh tastes terrible.
You see here 8 bolts.
Found 16 gold pieces.
You now have 136 gold pieces (gained 16).
Found a scroll labeled EBIBAFE CAPT.
C - a scroll labeled EBIBAFE CAPT A centaur comes into view.
The centaur wields a shortbow.
The centaur shoots an arrow.
The arrow hits you!
You see here an arrow.
The centaur shoots an arrow.
The arrow hits you.
* * * LOW HITPOINT WARNING * * *
You see here an arrow.
The centaur shoots an arrow.
The arrow hits you!
You die...

### ... #.# #c# ####.#
....# #..# #.@# #.(# #
########.(# #
#.....##..#
########.....##..######
......................#
.................####.#
.#######..)...#### #..#
.#########.##.# #.##


You could see a centaur.

Vanquished Creatures
  Eustachio (D:5)
  A bullfrog zombie (D:5)
  2 hounds
  A bullfrog skeleton (D:4)
  4 gnolls (D:4)
  8 adders
  An ooze (D:2)
  2 worms (D:2)
  10 orcs
  3 ball pythons
  3 bats
  5 goblins
  3 hobgoblins
  9 jackals
  9 frilled lizards
  2 kobolds
  5 rats
69 creatures vanquished.

Notes
Turn   | Place    | Note
-------+----------+-------------------------------------------
     0 | D:1      | iamserjio the Tengu Air Elementalist began the quest for the Orb.
     0 | D:1      | Reached XP level 1. HP: 10/10 MP: 4/4
    80 | D:1      | Reached XP level 2. HP: 12/15 MP: 1/6
   251 | D:2      | Reached XP level 3. HP: 11/19 MP: 2/7
   486 | D:2      | Reached XP level 4. HP: 3/24 MP: 6/9
   563 | D:2      | Learned a level 3 spell: Static Discharge
   568 | D:2      | Learned a level 4 spell: Airstrike
   687 | D:3      | Noticed an eye of draining
   798 | D:4      | Found a hazy altar of Hepliaklqana.
   865 | D:4      | Gained mutation: You can fly. [Tengu growth]
   865 | D:4      | Reached XP level 5. HP: 19/28 MP: 5/11
   875 | D:4      | Found Janwaoc's Assorted Antiques.
   884 | D:4      | Bought a purple potion for 29 gold pieces
   884 | D:4      | Bought a murky emerald potion for 29 gold pieces
   884 | D:4      | Bought a viscous coppery potion for 29 gold pieces
   884 | D:4      | Bought a scroll labeled WYAFFA QACA for 33 gold pieces
  1007 | D:3      | Found a bloodstained altar of Trog.
  1007 | D:3      | Noticed an eye of draining
  1108 | D:4      | Reached skill level 5 in Air Magic
  1114 | D:4      | HP: 1/28 [/static electricity (2)]
  1254 | D:4      | Reached XP level 6. HP: 16/32 MP: 3/12
  1266 | D:5      | Entered Level 5 of the Dungeon
  1351 | D:5      | Noticed Eustachio
  1377 | D:5      | Reached skill level 5 in Conjurations
  1380 | D:5      | Killed Eustachio
  1525 | D:5      | Found a sparkling altar of Nemelex Xobeh.
  1527 | D:5      | Found a shadowy altar of Dithmenos.
  1565 | D:5      | Reached skill level 6 in Air Magic
  1565 | D:5      | Reached XP level 7. HP: 18/36 MP: 10/14
  1619 | D:5      | Shot with an arrow by a centaur

Vault maps used:
D:1:      dpeg_arrival_tiny_d
D:3:      marbit_many_paths, minmay_misc_feat_rows, trog_eyes_of_draining
D:4:      lemuel_crystal_altar, serial_shops, shop, first_ration
D:5:      nicolae_overflow_hidden_temple, uniq_eustachio

Skill      XL: |  1  2  3  4  5  6 |
---------------+-------------------+-----
Conjurations   | 2 3 4 5 |  5.7
Spellcasting   | 3 4 |  4.2
Air Magic      | 5 6 |  6.1
Dodging        | |  2.1
Stealth        | |  2.0

Action                   |  1- 3 |  4- 6 |  7- 9 || total
-------------------------+-------+-------+-------++-------
Melee: Unarmed           |    14 |       |       ||    14
       Kick              |     5 |     8 |       ||    13
       Peck              |     4 |     5 |       ||     9
       Rapier            |    12 |       |       ||    12
       Flail             |     5 |    52 |       ||    57
 Cast: Shock             |    32 |    52 |       ||    84
       Static Discharge  |       |     4 |       ||     4
  Use: Scroll            |       |     7 |       ||     7
 Stab: Sleeping          |       |     2 |       ||     2
  Eat: Chunk             |       |     2 |     1 ||     3
Armor: Robe              |     9 |    10 |       ||    19
Dodge: Dodged            |    24 |    48 |       ||    72

Table legend:
 A = Spawn XP
 B = Non-spawn XP
 C = Spawn XP percentage of total XP
 D = Spawn monster count
 E = Non-spawn monster count
 F = Spawn count percentage of total count
 G = Total turns spent on level
                    A         B        C        D         E        F      G
               +---------+---------+-------+---------+---------+-------+---------
         Total |       0 |     630 |   0.0 |       0 |      69 |   0.0 |  1619
               +---------+---------+-------+---------+---------+-------+---------
           D:1 |       0 |      13 |   0.0 |       0 |       9 |   0.0 |   186
           D:2 |       0 |      82 |   0.0 |       0 |      21 |   0.0 |   383
           D:3 |       0 |      59 |   0.0 |       0 |      15 |   0.0 |   311
           D:4 |       0 |     167 |   0.0 |       0 |      17 |   0.0 |   386
           D:5 |       0 |     309 |   0.0 |       0 |       7 |   0.0 |   353
               +---------+---------+-------+---------+---------+-------+---------
